 Dungeon Crawl Stone Soup version 0.26-a0-812-g31a745ddcd (webtiles) character file.

Game seed: 6206274138087628837

53 tilp the Vandal (level 4, -3/29 HPs)
             Began as a Halfling Hunter on Nov 25, 2020.
             Slain by a gnoll (5 damage)
             ... on level 2 of the Dungeon.
             The game lasted 00:02:12 (1278 turns).

tilp the Vandal (Halfling Hunter)                   Turns: 1278, Time: 00:02:13

Health: -3/29      AC:  8    Str: 13    XL:     4   Next: 11%
Magic:  4/4        EV:  8    Int:  9    God:
Gold:   49         SH:  0    Dex: 15    Spells: 3/3 levels left

rFire    . . .     SeeInvis .   b - +0 short sword
rCold    . . .     Faith    .   (shield restricted)
rNeg     . . .     Spirit   .   n - +0 chain mail
rPois    .         Reflect  .   (no helmet)
rElec    .         Harm     .   (no cloak)
rCorr    .         Rampage  .   (no gloves)
MR       .....                  (no boots)
Stlth    ..........             (no amulet)
HPRegen  0.09/turn              (no ring)
MPRegen  0.09/turn              (no ring)

@: no status effects
A: small, mutation resistance 1
a: no special abilities


You were on level 2 of the Dungeon.
You visited 1 branch of the dungeon, and saw 2 of its levels.

You collected 49 gold pieces.

Inventory:

Hand Weapons
 a - a +1 hunting sling
 b - a +0 short sword (weapon)
Missiles
 d - 3 sling bullets
 g - 17 stones (quivered)
Armour
 n - a +0 chain mail (worn)
Jewellery
 k - a +4 ring of slaying {unknown}
 m - an uncursed ring of fire
Scrolls
 c - a scroll of magic mapping {unknown}
 f - a scroll of enchant weapon {unknown}
 j - 3 scrolls of identify {unknown}
 l - a scroll of remove curse
 o - a scroll of amnesia {unknown}
Potions
 e - a potion of berserk rage {unknown}
 h - a potion of curing {unknown}
 i - a potion of mutation {unknown}


   Skills:
 - Level 1.7 Fighting
 + Level 7.8 Slings
 - Level 2.1 Dodging
 - Level 1.1 Stealth


You had 3 spell levels left.
You didn't know any spells.
Your spell library was empty.

Dungeon Overview and Level Annotations

Branches:
Dungeon (2/15)

Altars:
Xom


Innate Abilities, Weirdness & Mutations

You are small and have problems with some larger weapons.
You are somewhat resistant to further mutation.


Message History

The gnoll barely misses you.
You hit the gnoll but do no damage.
The gnoll is heavily wounded.
The gnoll hits you.
You hit the gnoll but do no damage.
The gnoll is heavily wounded.
The gnoll hits you.
* * * LOW HITPOINT WARNING * * *
You hit the gnoll.
The gnoll is severely wounded.
The gnoll barely misses you. The gnoll hits you.
* * * LOW HITPOINT WARNING * * *
You hit the gnoll.
The gnoll is severely wounded.
The gnoll hits you.
* * * LOW HITPOINT WARNING * * *
Your chain mail prevents you from hitting the gnoll.
The gnoll is severely wounded.
The gnoll hits you.
You die...

###.####.#
#.......# ....
..# #.......#
####
#..####.......#
#.............#
#######.......#
#.......#
###'##+## #.#
#@# #.g)(....
#########


You could see a gnoll.

Vanquished Creatures
  2 gnolls (D:2)
  An adder (D:2)
  An ooze (D:1)
  A worm (D:2)
  A dart slug (D:1)
  A leopard gecko (D:1)
  2 ball pythons (D:1)
  A goblin (D:1)
  3 bats
  2 kobolds (D:1)
  5 rats
20 creatures vanquished.

Notes
Turn   | Place    | Note
-------+----------+-------------------------------------------
     0 | D:1      | tilp the Halfling Hunter began the quest for the Orb.
     0 | D:1      | Reached XP level 1. HP: 14/14 MP: 1/1
   174 | D:1      | Reached skill level 6 in Slings
   287 | D:1      | Reached XP level 2. HP: 18/19 MP: 2/2
   834 | D:1      | Reached skill level 7 in Slings
   834 | D:1      | Reached XP level 3. HP: 24/24 MP: 3/3
  1212 | D:2      | Found a shimmering altar of Xom.
  1266 | D:2      | Reached XP level 4. HP: 21/29 MP: 4/4
  1278 | D:2      | Slain by a gnoll

Illustrated notes

Levels and vault maps discovered:
D:1:      onia_arrival_mini_maze, layout_basic
D:2:      layout_basic, old_standard_altar, gammafunk_temple_overflow_wave,
          uniq_robin, uniq_sigmund

Skill      XL: |  1  2 |
---------------+-------+-----
Slings         | 6 7 |  7.8
Fighting       | |  1.7
Dodging        | |  2.1
Stealth        | |  1.1

Action                   |  1- 3 |  4- 6 || total
-------------------------+-------+-------++-------
Melee: Short sword       |    39 |     9 ||    48
 Fire: Hunting sling     |    36 |     2 ||    38
  Use: Scroll            |     3 |       ||     3
 Stab: Sleeping          |     1 |       ||     1
Armor: Ring mail         |    12 |       ||    12
       Chain mail        |     4 |     1 ||     5
Dodge: Dodged            |    30 |     3 ||    33

Table legend: (Time is in decaauts)
 A = Elapsed time spent in this place.
 B = Non-inter-level travel time spent in this place.
 C = Inter-level travel time spent in this place.
 D = Time resting spent in this place.
 E = Time spent auto-exploring this place.
 F = Levels seen in this place.
 G = Mean time per level.
                   A        B        C        D        E       F      G
               +--------+--------+--------+--------+--------+-----+--------+
         Total |   1262 |   1226 |     36 |    237 |    737 |   2 |  631.0 |
       Dungeon |   1262 |   1226 |     36 |    237 |    737 |   2 |  631.0 |
               +--------+--------+--------+--------+--------+-----+--------+

Top non-repeatable levels by time:
     D:1: 1070 daAuts
     D:2: 191 daAuts
